 Dungeon Crawl Stone Soup version 0.21.1 (webtiles) character file.

231 Monsterracer the Ruffian (level 5, 0/61 HPs)
             Began as a Draconian Arcane Marksman on Feb 2, 2018.
             Splashed by a jelly's acid (2 damage)
             ... on level 5 of the Dungeon.
             The game lasted 00:06:59 (4838 turns).

Monsterracer the Ruffian (DrAM)                     Turns: 4838, Time: 00:06:59

Health: 0/61       AC: 10    Str: 12    XL:     5   Next: 72%
Magic:  6/6        EV:  2    Int: 15    God:
Gold:   163        SH:  0    Dex: 16    Spells: 5/6 levels left

rFire    . . .     SeeInvis .     - Unarmed
rCold    . . .     Gourm    .   (no shield)
rNeg     + + +     Faith    .   (armour unavailable)
rPois    +         Spirit   .   (helmet currently unavailable)
rElec    .         Reflect  .   (cloak currently unavailable)
rCorr    .         Harm     .   (gloves currently unavailable)
MR       .....     NoTele   +   (boots currently unavailable)
Stlth    ++........             (no amulet)
HPRegen  0.20/turn              (no ring)
MPRegen  0.10/turn              (no ring)

@: agile, tree-form, corroded
A: unfitting armour, AC +5
a: no special abilities


You were on level 5 of the Dungeon.
You were hungry.
You were a tree.
You visited 1 branch of the dungeon, and saw 5 of its levels.

You collected 163 gold pieces.

Inventory:

Missiles
 b - 5 javelins
 d - 2 throwing nets {!f}
 q - 71 stones (quivered)
Armour
 i - a +0 buckler
 k - a cursed +0 pair of gloves (melded)
Scrolls
 f - 2 scrolls of magic mapping {!r}
 j - a scroll of remove curse
Potions
 e - 4 potions of curing
 g - a potion of cancellation
 l - a potion of heal wounds {unknown}
 n - 3 potions of brilliance
 o - a potion of resistance {unknown}
 p - a potion of mutation {unknown}
 t - a potion of lignification
Books
 a - a book of Debilitation

   Spells                             Type                      Level
   a - Corona                         Hexes                        1
   b - Slow                           Hexes                        2
   c - Inner Flame                    Hexes/Fire                   3
   d - Portal Projectile              Hexes/Translocation          3
   e - Cause Fear                     Hexes                        4
   f - Leda's Liquefaction            Hexes/Earth                  4
Comestibles
 c - 4 rations


   Skills:
 + Level 2.2 Fighting
 + Level 2.5 Throwing
 - Level 1.7 Dodging
 + Level 0.0 Shields
 * Level 4.9 Unarmed Combat
 - Level 1.0 Spellcasting
 - Level 2.6 Hexes


You had 5 spell levels left.
You knew the following spells:

 Your Spells              Type           Power        Failure   Level  Hunger
a - Corona                Hex            #......      9%          1    ##.....


Dungeon Overview and Level Annotations

Branches:
Dungeon (5/15)
 Temple: D:4-7

Altars:
Elyvilon

Annotations:
D:3 1player's ghost, amateur GrMo
D:4 othur's ghost, amateur MiFi


Innate Abilities, Weirdness & Mutations

((Your plain brown scales are hard. (AC +5)))
You cannot fit into any form of body armour.
((You are cold-blooded and may be slowed by cold attacks.))


Message History

You throw a stone. The stone closely misses the adder.
Throwing (i - inventory. (,) - cycle):
q - 71 stones (quivered)
Press: ? - help, Shift-Dir - straight line, f/p - adder
Aim: an adder You throw a stone.
The stone closely misses the adder.
You hit the adder but do no damage. You tail-slap the adder.
The adder is moderately wounded.
The adder closely misses you.
You closely miss the adder.
The adder is moderately wounded.
The adder bites you.
You take 3 damage, and have 38/41 hp.
You miss the adder.
The adder is moderately wounded.
The adder completely misses you.
You hit the adder but do no damage.
The adder is moderately wounded.
The adder misses you. x2
You hit the adder.
The adder is almost dead.
The adder bites you but does no damage.
You hit the adder.
You kill the adder!
No target in view!
No target in view!
HP restored.
There is a stone staircase leading down here.
i - a scroll of identify Health restored: 41
As you read the scroll of identify, it crumbles to dust.
g - a potion of cancellation
q - 71 stones (gained 1)
Found 11 arrows.
You see here 11 arrows.
Found a buckler.
You see here a buckler.
Found a stone staircase leading down.
You see here a buckler.
i - a buckler Setting a skill training target for Shields at 4.0.
Unknown command.
t - 2 fuming white potions (gained 1)
The alarm trap emits a blaring wail!
A sentinel's mark forms upon you.
You hear a bark!
You hear an angry hiss.
You hear a shout!
A jelly comes into view.
There is a stone staircase leading down here.
You hit the jelly but do no damage. The acid corrodes you!
Your hands burn!
The jelly hits you.
You are splashed with acid!
The acid burns!
An ooze comes into view.
You take 9 damage, and have 32/41 hp.
MASSIVE DAMAGE!!
You hit the jelly.
Your hands burn!
The jelly is lightly wounded.
The jelly hits you.
You are splashed with acid!
The acid burns!
* * * LOW HITPOINT WARNING * * *
You take 13 damage, and have 19/41 hp.
MASSIVE DAMAGE!!
You hit the jelly. The acid corrodes you!
Your hands burn!
* * * LOW HITPOINT WARNING * * *
You tail-slap the jelly, but do no damage.
The jelly is moderately wounded.
The jelly hits you.
* * * LOW HITPOINT WARNING * * *
The acid corrodes you!
You are splashed with acid!
The acid burns!
* * * LOW HITPOINT WARNING * * *
A bullfrog zombie comes into view.
You take 12 damage, and have 7/41 hp.
MASSIVE DAMAGE!!
There is a stone staircase leading up here.
The sentinel's mark upon you fades away.
A worker ant comes into view.
The jelly jiggles.
Okay, then.
The jelly barely misses you.
There is a stone staircase leading down here.
The worker ant waves its antennae.
Casting: Corona
Confirm with . or Enter, or press ? or * to list all spells.
Okay, then.
Okay, then.
It was a potion of agility.
You feel agile all of a sudden. The jelly closely misses you.
Okay, then.
It was a potion of lignification.
You turn into a tree.
Your cursed +0 pair of gloves melds into your body.
Your roots penetrate the ground.
The jelly hits you.
* * * LOW HITPOINT WARNING * * *
You are splashed with acid!
The acid burns!
* * * LOW HITPOINT WARNING * * *
You now have 5/61 hp.
You hit the jelly but do no damage.
Your branches burn!
* * * LOW HITPOINT WARNING * * *
The jelly is lightly wounded.
You take 3 damage, and have 2/61 hp.
You smack the jelly!
Your branches burn!
You die...

*,* *,* ##...## #.. *,*
*,* ##.###.###.. *,* *,*
##.## ##.##.. *,*
#.###.## ##)#.. *,*
#.....# #.... *,*
#####.## *#.#.. *,*
##.#####.##..
*,*#########!#.#.###..
***,*#.♣JJ.a....#...###.
*,,,*#.######.##....###.
*,***##* *#.#...>......
*,* ***** #.###.......#.
*,***,*,* ##,#........##
*,**,,,,****#.###...###
*,,+,,,_**,...###...####
****,,,,**##............
**,*,***##.#########.


You could see a jelly, a worker ant and an ooze.

Vanquished Creatures
  An ogre (D:5)
  A crimson imp (D:5)
  4 adders
  3 oozes
  2 worms
  5 dart slugs
  A leopard gecko (D:4)
  An orc (D:3)
  A ball python (D:2)
  3 giant cockroaches
  9 goblins
  4 hobgoblins (D:1)
  2 quokkas
  5 bats
  7 frilled lizards
  4 kobolds
  5 rats
58 creatures vanquished.

Notes
Turn   | Place    | Note
-------+----------+-------------------------------------------
     0 | D:1      | Monsterracer the Draconian Arcane Marksman began the quest for the Orb.
     0 | D:1      | Reached XP level 1. HP: 16/16 MP: 2/2
   143 | D:1      | Reached skill level 1 in Unarmed Combat
   208 | D:1      | Reached XP level 2. HP: 23/23 MP: 3/3
   333 | D:1      | Reached skill level 2 in Unarmed Combat
   886 | D:1      | Reached XP level 3. HP: 20/28 MP: 4/4
  1237 | D:1      | Reached skill level 3 in Unarmed Combat
  2216 | D:2      | Reached XP level 4. HP: 33/35 MP: 5/5
  3067 | D:3      | Reached skill level 4 in Unarmed Combat
  3411 | D:3      | Noticed 1player's ghost (amateur GrMo)
  3952 | D:4      | HP: 17/35 [poisoned by 1player's ghost]
  4198 | D:4      | Noticed a phantom
  4203 | D:4      | Noticed othur's ghost (amateur MiFi)
  4221 | D:5      | Entered Level 5 of the Dungeon
  4239 | D:5      | Found a white marble altar of Elyvilon.
  4289 | D:5      | HP: 17/35 [crimson imp (2)]
  4303 | D:5      | HP: 15/35 [crimson imp (4)]
  4306 | D:5      | Reached XP level 5. HP: 17/40 MP: 6/6
  4523 | D:5      | Noticed an ogre
  4529 | D:5      | HP: 20/40 [ogre/giant spiked club (20)]
  4533 | D:5      | Killed an ogre
  4804 | D:5      | HP: 19/41 [acid (10)]
  4805 | D:5      | HP: 7/41 [acid (6)]
  4836 | D:5      | HP: 14/61 [jelly (2)]
  4836 | D:5      | HP: 5/61 [acid (9)]
  4837 | D:5      | HP: 1/61 [acid (4)]
  4838 | D:5      | Splashed by a jelly's acid

Skill      XL: |  1  2  3  4  5 |
---------------+----------------+-----
Unarmed Combat | 1 2 3 4 |  4.9
Throwing       | 2 |  2.5
Fighting       | 2 |  2.2
Dodging        | |  1.7
Spellcasting   | |  1.0
Hexes          | |  2.6

Action                   |  1- 3 |  4- 6 || total
-------------------------+-------+-------++-------
Melee: Unarmed           |   163 |   104 ||   267
       Tailslap          |    26 |    16 ||    42
       Punch             |       |     1 ||     1
Throw: Javelin           |     4 |     5 ||     9
       Stone             |       |    22 ||    22
  Use: Scroll            |       |    13 ||    13
       Potion            |       |     2 ||     2
 Stab: Sleeping          |     3 |       ||     3
  Eat: Chunk             |     4 |     4 ||     8
       Ration            |       |     1 ||     1
Armor: Skin              |    42 |    22 ||    64
Dodge: Dodged            |    98 |    51 ||   149

Vault maps used:
D:1:      saegor_arrival_simple_c, minmay_tree_intersection,
          roderic_nine_men_s_morris, palyth_stone_intersect
D:2:      minmay_misc_feat_alley, minmay_split_cup_small
D:4:      first_ration, minmay_fountain_box
D:5:      yredelemnul_forgotten_temple_becter, basic_altar
